 Dungeon Crawl Stone Soup version 0.30-a0-956-gcec3b41aec (webtiles) character file.

Game seed: 5421691260301073627

161 funkygono the Trooper (level 5, -3/47 HPs)
             Began as a Minotaur Fighter on Mar 29, 2023.
             Slain by Sigmund
             ... wielding a +0 scythe
              (8 damage)
             ... on level 3 of the Dungeon.
             The game lasted 00:02:33 (1654 turns).

funkygono the Trooper (Minotaur Fighter)            Turns: 1654, Time: 00:02:34

Health: -3/47      AC:  7    Str: 22    XL:     5   Next: 19%
Magic:  4/4        EV:  6    Int:  5    God:
Gold:   108        SH: 12    Dex: 10    Spells: 4/4 levels left

rFire   . . .      SeeInvis .    a - +0 war axe
rCold   . . .      Faith    .    n - +0 tower shield
rNeg    . . .      Spirit   .    b - +0 scale mail
rPois   .          Reflect  .    (helmet restricted)
rElec   .          Rampage  .    (no cloak)
rCorr   .                        (no gloves)
Will    .....                    (no boots) Stlth
                                 j - amulet of the acrobat
HPRegen 0.27/turn                (no ring)
MPRegen 0.09/turn                (no ring)

@: no status effects
A: horns 2, retaliatory headbutt
a: no special abilities


You were on level 3 of the Dungeon.
You visited 1 branch of the dungeon, and saw 3 of its levels.

You collected 108 gold pieces.

Inventory:

Hand Weapons
 a - a +0 war axe (weapon)
Missiles
 l - 3 poisoned darts (quivered)
Armour
 b - a +0 scale mail (worn)
 n - a +0 tower shield (worn)
Jewellery
 c - an amulet of regeneration
 j - an amulet of the acrobat (around neck)
Scrolls
 e - a scroll of identify {unknown}
 f - a scroll of summoning {unknown}
 g - 2 scrolls of poison {unknown}
 k - a scroll of fear {unknown}
 o - a scroll of acquirement {unknown}
 q - a scroll of noise {unknown}
Potions
 d - 2 potions of might
 h - a potion of haste {unknown}
 i - a potion of degeneration {unknown}
 m - a potion of lignification {unknown}
 p - a potion of mutation {unknown}
 r - a potion of attraction {unknown}
 s - a potion of curing {unknown}


   Skills:
 + Level 4.8 Fighting
 + Level 4.1 Axes
 + Level 4.8 Armour
 + Level 0.2 Dodging
 + Level 4.3 Shields


You had 4 spell levels left.
You didn't know any spells.
Your spell library contained the following spells:

 Spells                   Type           Power      Damage    Failure   Level
 Apportation              Tloc           0%         N/A       100%        1
 Necrotise                Necr           0%         1d4       100%        1
 Summon Small Mammal      Summ           0%         N/A       100%        1
 Dazzling Flash           Conj/Hex       0%         N/A       100%        3
 Vhi's Electric Charge    Tloc/Air       0%         N/A       100%        3
 Agony                    Necr           0%         N/A       100%        5
 Arcjolt                  Conj/Air       0%         1d10      100%        5
 Silence                  Hex/Air        0%         N/A       100%        5
 Maxwell's Capacitive Co  Air            0%         ∞         100%        8


Dungeon Overview and Level Annotations

Branches:
Dungeon (3/15)

Altars:

Annotations:
D:3 Sigmund


Innate Abilities, Weirdness & Mutations

You have a pair of horns on your head.
You reflexively headbutt those who attack you in melee.


Message History

The puff of flame misses you.
A kobold comes into view. It is wielding a +0 whip.
You block the orc's attack. Sigmund hits you with a +0 scythe!
You closely miss Sigmund.
The kobold shouts!
You hit the orc but do no damage. You block the orc's attack.
Sigmund points at you and mumbles some strange words.
You block the puff of flame. The orc completely misses you.
You hit Sigmund but do no damage. You miss the orc.
The orc hits you with a +0 flail! Sigmund hits you but does no damage.
You block the orc's attack.
You barely miss Sigmund. Your headbutt misses Sigmund.
You completely miss the orc. Sigmund casts a spell at you.
The magic dart hits you!
* * * LOW HITPOINT WARNING * * *
The orc hits you with a +0 flail.
* * * LOW HITPOINT WARNING * * *
You block Sigmund's attack.
You hit Sigmund. You headbutt Sigmund.
Sigmund is moderately wounded.
You slash the orc!
You kill the orc!
The kobold hits you but does no damage.
Sigmund casts a spell.
Sigmund flickers and vanishes!
Deactivating autopickup; reactivate with Ctrl-A.
You hit something. Your headbutt misses something. You barely miss the kobold.
You block the kobold's attack. Something hits you but does no damage.
The kobold hits you but does no damage.
You barely miss something. Your headbutt misses something.
You closely miss the kobold. Something hits you!
* * * LOW HITPOINT WARNING * * *
You block the kobold's attack.
You hit something but do no damage. Your headbutt misses something.
You hit the kobold but do no damage. You block the kobold's attack.
You hear some strange, mumbled words.
Something tries to affect you, but you resist.
Something hits you!
You die...

######### #####
#.....?.# #....
#)......# #....
#.......# #....
#.......###########....
#....{@..........#.....
#....K..#####..........
####.#### #..........
#. #.......... .
#.......... ..
#.......... ..
#.......... #..
#.......... ###........


You could see a kobold.

Vanquished Creatures
  A scorpion (D:2)
  4 adders
  2 worms
  A dart slug (D:3)
  An orc (D:3)
  4 bats
  4 endoplasms (D:2)
  3 giant cockroaches
  3 goblins (D:1)
  6 hobgoblins
  2 jackals (D:1)
  2 kobolds (D:2)
  4 quokkas
  6 ball pythons
  6 frilled lizards
  5 rats
54 creatures vanquished.

Notes
Turn   | Place    | Note
-------+----------+-------------------------------------------
     0 | D:1      | funkygono the Minotaur Fighter began the quest for the Orb.
     0 | D:1      | Reached XP level 1. HP: 19/19 MP: 0/0
    95 | D:1      | Reached XP level 2. HP: 26/27 MP: 1/1
   316 | D:1      | Found a faded altar of an unknown god.
   838 | D:2      | Noticed a scorpion
   844 | D:2      | Killed a scorpion
   845 | D:2      | Reached XP level 3. HP: 24/34 MP: 2/2
   845 | D:2      | Reached XP level 4. HP: 29/41 MP: 3/3
  1514 | D:3      | Reached XP level 5. HP: 43/47 MP: 4/4
  1642 | D:3      | Noticed Sigmund
  1645 | D:3      | Identified the ring of the Exceptional Date {rC+ EV+5
                  | Dex+2}
  1654 | D:3      | Slain by Sigmund

Illustrated notes

Levels and vault maps discovered:
D:1:      lemuel_arrival_cross, layout_loops_ring,
          shapermc_ecumenical_altar_venn, minmay_misc_feat_encased
D:2:      layout_rooms
D:3:      layout_rooms, glass_columns_b, uniq_sigmund

Skill      XL: |  1  2  3  4  5 |
---------------+----------------+-----
Fighting       | 4 |  4.8
Axes           | 3 4 |  4.1
Armour         | 4 |  4.8
Shields        | 4 |  4.3
Dodging        | |  0.2

Action                     |  1- 3 |  4- 6 || total
---------------------------+-------+-------++-------
  Melee: War axe           |    37 |    78 ||   115
         Headbutt          |     2 |    10 ||    12
 Armour: Scale mail        |    14 |    41 ||    55
  Dodge: Dodged            |    33 |    26 ||    59
  Block: Buckler           |    11 |     2 ||    13
         Tower shield      |       |    46 ||    46

Table legend: (Time is in decaauts)
 A = Elapsed time spent in this place.
 B = Non-inter-level travel time spent in this place.
 C = Inter-level travel time spent in this place.
 D = Time resting spent in this place.
 E = Time spent auto-exploring this place.
 F = Levels seen in this place.
 G = Mean time per level.
                   A        B        C        D        E       F      G
               +--------+--------+--------+--------+--------+-----+--------+
         Total |   1718 |   1624 |     94 |      0 |   1204 |   3 |  572.7 |
       Dungeon |   1718 |   1624 |     94 |      0 |   1204 |   3 |  572.7 |
               +--------+--------+--------+--------+--------+-----+--------+

Top non-repeatable levels by time:
     D:1: 839 daAuts
     D:2: 602 daAuts
     D:3: 276 daAuts
